 Dungeon Crawl Stone Soup version 0.26-a0-737-g4e9f4955e2 (webtiles) character file.

Game seed: 14106138020886443764

2955 robertstho the Magician (level 9, 0/59 HPs)
             Began as a Gnoll Fire Elementalist on Nov 4, 2020.
             Was a Believer of Ru.
             Succumbed to a killer bee's poison
             ... on level 7 of the Dungeon.
             The game lasted 00:16:21 (7839 turns).

robertstho the Magician (Gnoll Fire Elementalist)   Turns: 7839, Time: 00:16:22

Health: 0/59       AC:  6    Str: 11      XL:     9   Next: 81%
Magic:  13/28      EV: 11    Int: 20      God:    Ru [**....]
Gold:   52         SH:  0    Dex: 14 (16) Spells: 8/21 levels left

rFire    . . .     SeeInvis .   v - +2 hand axe (elec)
rCold    . . .     Faith    .   (no shield)
rNeg     . . .     Spirit   .   a - +0 robe
rPois    .         Reflect  .   q - +2 hat
rElec    .         Harm     .   (no cloak)
rCorr    .         Rampage  .   y - +1 pair of gloves
MR       +....     Clarity  +   (no boots)
Stlth    ++++......             (no amulet)
HPRegen  0.19/turn              d - ring of stealth
MPRegen  0.21/turn              g - ring of magical power

@: lethally poisoned (0 -> -5)
A: distributed training, fangs 1, clarity, frail 1, magic resistance 1, hated by
all, inability to train dodging, strong nose
a: Renounce Religion


You were on level 7 of the Dungeon.
You worshipped Ru.
Ru was pleased with you.
You visited 1 branch of the dungeon, and saw 7 of its levels.

You collected 390 gold pieces.
You spent 338 gold pieces at shops.

Inventory:

Hand Weapons
 e - a +0 dagger
 k - a +2 scythe of freezing
 v - a +2 hand axe of electrocution (weapon)
Missiles
 r - 23 poisoned darts (quivered)
Armour
 a - a +0 robe (worn)
 q - a +2 hat (worn)
 y - a +1 pair of gloves (worn)
Jewellery
 d - a ring of stealth (left hand)
 g - a ring of magical power (right hand)
 z - an uncursed ring of flight
Scrolls
 c - 3 scrolls of teleportation
 f - 4 scrolls of amnesia
 m - 2 scrolls of blinking {unknown}
 n - a scroll of enchant armour {unknown}
 s - a scroll of remove curse
 t - a scroll of fear {unknown}
 u - 5 scrolls of magic mapping {unknown}
 w - a scroll of random uselessness {unknown}
Potions
 h - 3 potions of might
 i - a potion of invisibility
 j - a potion of berserk rage
 l - a potion of lignification
 o - 2 potions of stabbing
 p - 2 potions of haste
 x - a potion of flight


   Skills:
 + Level 4.6 Fighting
 + Level 4.6 Short Blades
 + Level 4.6 Long Blades
 + Level 4.6 Axes
 + Level 4.6 Maces & Flails
 + Level 4.6 Polearms
 + Level 4.6 Staves
 + Level 4.6 Slings
 + Level 4.6 Bows
 + Level 4.6 Crossbows
 + Level 4.6 Throwing
 + Level 4.6 Armour
   Level 0.0 Dodging
 + Level 6.3 Stealth
 + Level 4.6 Shields
 + Level 4.6 Unarmed Combat
 + Level 6.9 Spellcasting
 + Level 4.4 Conjurations
 + Level 3.8 Hexes
   Level 0.9 Summonings
 + Level 3.8 Necromancy
 + Level 3.8 Translocations
 + Level 3.8 Transmutations
 + Level 6.7 Fire Magic
 + Level 3.8 Ice Magic
 + Level 3.8 Air Magic
 + Level 3.8 Earth Magic
 + Level 3.8 Poison Magic
 + Level 5.0 Invocations
 + Level 4.6 Evocations


You had 8 spell levels left.
You knew the following spells:

 Your Spells              Type           Power        Failure   Level
a - Foxfire               Conj/Fire      ####         1%          1
b - Conjure Flame         Conj/Fire      ####....     3%          3
c - Sticky Flame          Conj/Fire      ####....     10%         4
d - Fireball              Conj/Fire      ####......   26%         5

Your spell library contained the following spells:

 Spells                   Type           Power        Failure   Level
 Inner Flame              Hex/Fire       ####....     3%          3
 Confusing Touch          Hex            ###.....     6%          3
 Gell's Gravitas          Tloc           ###.......   6%          3
 Petrify                  Tmut/Erth      ###.....     21%         4
 Metabolic Englaciation   Hex/Ice        ###.......   50%         5
 Yara's Violent Unravell  Hex/Tmut       ###.......   50%         5


Dungeon Overview and Level Annotations

Branches:
Dungeon (7/15)
 Temple: D:4-7

Altars:
Ashenzari
Dithmenos
Elyvilon
Hepliaklqana
Nemelex Xobeh
Qazlal
Ru
Uskayaw
Yredelemnul

Shops:
D:7 [!


Innate Abilities, Weirdness & Mutations

Your experience applies equally to all skills.
You have very sharp teeth.
You are hated by all.
You cannot train Dodging skill.
Your uncanny sense of smell can sniff out nearby items.
You possess an exceptional clarity of mind.
You are frail. (-10% HP)
You are resistant to hostile enchantments. (MR+)


Message History

You focus your will and blind the killer bee in retribution!
The killer bee closely misses you. The killer bee stings you!
* * * LOW HITPOINT WARNING * * *
The killer bee stings you!
* * * LOW HITPOINT WARNING * * *
You are lethally poisoned!
The killer bee poisons you! The killer bee closely misses you.
Okay, then.
Okay, then.
* * * LOW HITPOINT WARNING * * *
You feel sick.
The killer bee is no longer blind.
Casting: Sticky Flame (dangerous; 10% risk of failure)
Confirm with . or Enter, or press ? or * to list all spells.
Aiming: Sticky Flame (dangerous; 10% risk of failure)
Press: ? - help, Shift-Dir - straight line, f - killer bee
Aim: a killer bee (moderately wounded, blind)
The sticky flame hits the killer bee!
The killer bee is severely wounded.
The killer bee is covered in liquid flames!
You die...

..⌠.⌠# ###.#+# #..........
...∩.###...#.# #......#...
#.⌠.⌠.....##.####†........
###..........##....#...##.#
#...............†.........#
....................†......
.#............†y##.........
.#[............y###..#.#...
...)...#....#..y@##..# # .
)......#....#..#..#.##
.....................
......##..........### ∆
...##.#...###....##
.....<...........#
.............#....
............##....
............


You could see 3 killer bees.

Vanquished Creatures
  Pikel (D:6)
  Grinder (D:6)
  Sigmund (D:2)
  Menkaure (D:4)
  A water moccasin (D:7)
  Duvessa (D:6)
  An orc warrior (D:5)
  A black bear (D:7)
  An ogre (D:5)
  A phantom (D:5)
  2 centaurs (D:5)
  A lemure (D:6)
  A bullfrog (D:7)
  Dowan (D:6)
  A gnoll sergeant (D:6)
  2 killer bees (D:7)
  3 wights (D:6)
  A quasit (D:5)
  2 bullfrog zombies (D:5)
  A hound (D:4)
  4 orc priests
  5 orc wizards
  A bullfrog skeleton (D:5)
  A centaur skeleton (D:6)
  An iguana (D:6)
  Jessica (D:2)
  Natasha (thrice) (D:2)
  7 worker ants
  A hound skeleton (D:5)
  3 gnolls (D:6)
  6 adders
  A shadow imp (D:5)
  2 white imps
  An ufetubus (D:7)
  2 oozes
  An adder skeleton (D:4)
  2 worms
  6 dart slugs
  24 orcs
  3 giant cockroaches
  8 hobgoblins
  4 jackals (D:7)
  7 kobolds
  4 quokkas
  A ball python (D:1)
  2 bats (D:2)
  3 frilled lizards
  6 goblins
  A quokka skeleton (D:6)
  9 rats
145 creatures vanquished.

Vanquished Creatures (others)
  468 foxfires
468 creatures vanquished.

Grand Total: 613 creatures vanquished

Notes
Turn   | Place    | Note
-------+----------+-------------------------------------------
     0 | D:1      | robertstho the Gnoll Fire Elementalist began the quest for
                  | the Orb.
     0 | D:1      | Reached XP level 1. HP: 13/13 MP: 6/6
   162 | D:1      | Reached XP level 2. HP: 19/19 MP: 3/7
   565 | D:1      | Reached XP level 3. HP: 25/25 MP: 3/9
   567 | D:1      | Reached skill level 5 in Spellcasting
  1055 | D:1      | Reached skill level 1 in Invocations
  1582 | D:2      | Found a stormy altar of Qazlal.
  1586 | D:2      | Reached skill level 1 in Fighting
  1586 | D:2      | Reached skill level 1 in Short Blades
  1586 | D:2      | Reached skill level 1 in Long Blades
  1586 | D:2      | Reached skill level 1 in Axes
  1586 | D:2      | Reached skill level 1 in Maces & Flails
  1586 | D:2      | Reached skill level 1 in Polearms
  1586 | D:2      | Reached skill level 1 in Staves
  1586 | D:2      | Reached skill level 1 in Slings
  1586 | D:2      | Reached skill level 1 in Bows
  1586 | D:2      | Reached skill level 1 in Crossbows
  1586 | D:2      | Reached skill level 1 in Throwing
  1586 | D:2      | Reached skill level 1 in Armour
  1586 | D:2      | Reached skill level 1 in Shields
  1586 | D:2      | Reached skill level 1 in Unarmed Combat
  1586 | D:2      | Reached skill level 1 in Evocations
  1586 | D:2      | Reached XP level 4. HP: 32/32 MP: 4/11
  1592 | D:2      | Found a broken altar of Ashenzari.
  1594 | D:2      | Found a white marble altar of Elyvilon.
  1594 | D:2      | Found a hazy altar of Hepliaklqana.
  1595 | D:2      | Found a sacrificial altar of Ru.
  1601 | D:2      | Found a sparkling altar of Nemelex Xobeh.
  1602 | D:2      | Found a basalt altar of Yredelemnul.
  1620 | D:2      | Became a worshipper of Ru the Awakened
  1661 | D:2      | Noticed Sigmund
  1671 | D:2      | Learned a level 3 spell: Conjure Flame
  1676 | D:2      | Learned a level 4 spell: Sticky Flame
  1691 | D:2      | Killed Sigmund
  1691 | D:2      | Reached skill level 1 in Hexes
  1691 | D:2      | Reached skill level 1 in Summonings
  1691 | D:2      | Reached skill level 1 in Necromancy
  1691 | D:2      | Reached skill level 1 in Translocations
  1691 | D:2      | Reached skill level 1 in Transmutations
  1691 | D:2      | Reached skill level 1 in Ice Magic
  1691 | D:2      | Reached skill level 1 in Air Magic
  1691 | D:2      | Reached skill level 1 in Earth Magic
  1691 | D:2      | Reached skill level 1 in Poison Magic
  1691 | D:2      | Reached XP level 5. HP: 20/37 MP: 7/12
  1921 | D:2      | Noticed Natasha
  1929 | D:2      | Killed Natasha
  1929 | D:2      | Reached XP level 6. HP: 44/44 MP: 6/13
  2070 | D:2      | Noticed Natasha
  2073 | D:2      | Killed Natasha
  2079 | D:2      | Noticed Natasha
  2090 | D:2      | Killed Natasha
  2098 | D:2      | Noticed Jessica
  2101 | D:2      | Killed Jessica
  2101 | D:2      | Reached skill level 5 in Dodging
  2181 | D:2      | Found a shadowy altar of Dithmenos.
  2866 | D:3      | Reached XP level 7. HP: 50/50 MP: 12/15
  2878 | D:3      | Learned a level 5 spell: Fireball
  3212 | D:3      | Gained mutation: You cannot train Dodging skill. [Ru
                  | sacrifice]
  3212 | D:3      | Reached * piety under Ru
  3868 | D:4      | Noticed Menkaure
  3873 | D:4      | Killed Menkaure
  3873 | D:4      | Reached skill level 5 in Stealth
  4240 | D:5      | Entered Level 5 of the Dungeon
  4728 | D:5      | Reached XP level 8. HP: 57/57 MP: 11/16
  5618 | D:5      | Found a hide-covered altar of Uskayaw.
  6559 | D:6      | Noticed Grinder
  6618 | D:6      | Noticed Duvessa
  6619 | D:6      | Noticed Dowan
  6629 | D:6      | Reached XP level 9. HP: 65/65 MP: 5/18
  6633 | D:6      | Killed Duvessa
  6642 | D:6      | Paralysed by Grinder for 2 turns
  6652 | D:6      | Killed Dowan
  6677 | D:6      | Gained mutation: You possess an exceptional clarity of
                  | mind. [potion of mutation]
  6677 | D:6      | Gained mutation: You are frail. (-10% HP) [potion of
                  | mutation]
  6677 | D:6      | Gained mutation: You are resistant to hostile enchantments.
                  | (MR+) [potion of mutation]
  6679 | D:6      | HP: 4/87 [gnoll sergeant/+0 trident (11)]
  6686 | D:6      | HP: 1/58 [poisoned by Dowan]
  7032 | D:6      | Noticed Pikel
  7041 | D:6      | Killed Pikel
  7252 | D:6      | Killed Grinder
  7271 | D:6      | Gained mutation: You are hated by all. [Ru sacrifice]
  7271 | D:6      | Reached ** piety under Ru
  7496 | D:7      | Found Jympute's Distillery.
  7705 | D:7      | Bought a potion of invisibility for 104 gold pieces
  7705 | D:7      | Bought a potion of lignification for 39 gold pieces
  7713 | D:7      | Found Guosal's Antique Armour Emporium.
  7734 | D:7      | Bought a pair of runed gloves for 195 gold pieces
  7779 | D:7      | Reached skill level 5 in Invocations
  7837 | D:7      | HP: 2/59 [killer bee (7)]
  7839 | D:7      | Succumbed to a killer bee's poison

Illustrated notes

Levels and vault maps discovered:
D:1:      minmay_arrival_radiant_lines, layout_basic
D:2:      layout_basic, nicolae_dithmenos_shadow_blocks, minitemple,
          uniq_jessica, uniq_sigmund, uniq_natasha
D:3:      layout_basic, kennysheep_generic_room_10
D:4:      layout_loops_ring, uniq_menkaure
D:5:      layout_basic, old_standard_altar, grunt_ministairs_8
D:6:      layout_rooms, uniq_grinder, uniq_duvessa, uniq_pikel
D:7:      layout_cave_pools, tso_oasis_becter, nicolae_overflow_hidden_temple,
          minmay_temple_entry_fiery, serial_shops, nicolae_shop_behind_doors,
          shop, shop_fountains, shop_statue, shop, kennysheep_pointless_box,
          uniq_prince_ribbit1

Skill      XL: |  1  2  3  4  5  6  7  8  9 |
---------------+----------------------------+-----
Conjurations   | 2 3 4 |  4.4
Spellcasting   | 5 6 |  6.9
Invocations    | 1 2 3 4 5 |  5.0
Fighting       | 1 2 3 4 |  4.6
Short Blades   | 1 2 3 4 |  4.6
Long Blades    | 1 2 3 4 |  4.6
Axes           | 1 2 3 4 |  4.6
Maces & Flails | 1 2 3 4 |  4.6
Polearms       | 1 2 3 4 |  4.6
Staves         | 1 2 3 4 |  4.6
Slings         | 1 2 3 4 |  4.6
Bows           | 1 2 3 4 |  4.6
Crossbows      | 1 2 3 4 |  4.6
Throwing       | 1 2 3 4 |  4.6
Armour         | 1 2 3 4 |  4.6
Shields        | 1 2 3 4 |  4.6
Unarmed Combat | 1 2 3 4 |  4.6
Evocations     | 1 2 3 4 |  4.6
Hexes          | 1 2 3 |  3.8
Summonings     | 1 2 3 0 |  0.9
Necromancy     | 1 2 3 |  3.8
Translocations | 1 2 3 |  3.8
Transmutations | 1 2 3 |  3.8
Ice Magic      | 1 2 3 |  3.8
Air Magic      | 1 2 3 |  3.8
Earth Magic    | 1 2 3 |  3.8
Poison Magic   | 1 2 3 |  3.8
Dodging        | 5 0 |  0.0
Stealth        | 5 6 |  6.3
Fire Magic     | 6 |  6.7

Action                   |  1- 3 |  4- 6 |  7- 9 || total
-------------------------+-------+-------+-------++-------
Melee: Unarmed           |     2 |       |       ||     2
       Dagger            |     5 |     2 |       ||     7
       Scythe            |       |    11 |   113 ||   124
       Bite              |       |       |    10 ||    10
 Cast: Foxfire           |    75 |    61 |   152 ||   288
       Sticky Flame      |       |     1 |    18 ||    19
       Fireball          |       |       |     2 ||     2
       Conjure Flame     |       |       |     1 ||     1
Invok: Sacrifice Nimblen |       |       |     1 ||     1
       Sacrifice Love    |       |       |     1 ||     1
  Use: Scroll            |       |     5 |     5 ||    10
       Potion            |       |       |     8 ||     8
 Stab: Sleeping          |       |     2 |     6 ||     8
Armor: Robe              |     1 |     3 |    55 ||    59
Dodge: Dodged            |    15 |    15 |   141 ||   171

Table legend: (Time is in decaauts)
 A = Elapsed time spent in this place.
 B = Non-inter-level travel time spent in this place.
 C = Inter-level travel time spent in this place.
 D = Time resting spent in this place.
 E = Time spent auto-exploring this place.
 F = Levels seen in this place.
 G = Mean time per level.
                   A        B        C        D        E       F      G
               +--------+--------+--------+--------+--------+-----+--------+
         Total |   7949 |   7757 |    192 |   1581 |   4856 |   7 | 1135.6 |
       Dungeon |   7949 |   7757 |    192 |   1581 |   4856 |   7 | 1135.6 |
               +--------+--------+--------+--------+--------+-----+--------+

Top non-repeatable levels by time:
     D:5: 2551 daAuts
     D:1: 1408 daAuts
     D:2: 1322 daAuts
     D:4: 989 daAuts
     D:6: 781 daAuts
     D:3: 558 daAuts
     D:7: 338 daAuts
